 Dungeon Crawl Stone Soup version 0.30-a0-867-g305f33218d (webtiles) character file.

Game seed: 12361222736986140284

1283 bobarctor the Thaumaturge (level 8, -2/40 (43) HPs)
             Began as a Deep Elf Necromancer on Aug 23, 2021.
             Was a Follower of Okawaru.
             Slain by a wight
             ... wielding a +0 battleaxe
              (4 damage)
             ... on level 6 of the Dungeon on Mar 10, 2023.
             The game lasted 00:58:43 (8694 turns).

bobarctor the Thaumaturge (Deep Elf Necromancer)    Turns: 8694, Time: 00:58:43

HP:   -2/40 (43)    AC:  5    Str:  5    XL:     8   Next: 29%
MP:   32/32         EV: 12    Int: 22    God:    Okawaru [*.....]
Gold: 264           SH:  0    Dex: 15    Spells: 2/26 levels left

rFire   . . .      SeeInvis .    r - +1 dagger (venom)
rCold   + . .      Faith    .    (no shield)
rNeg    . . .      Spirit   .    E - +1 leather armour {rC+}
rPois   .          Reflect  .    (no helmet)
rElec   .          Rampage  .    w - +0 cloak
rCorr   .          Clarity  +    (no gloves)
Will    .....                    (no boots)
Stlth   ++                       k - amulet of regeneration
HPRegen 1.06/turn                o - ring of magical power
MPRegen 0.23/turn                (no ring)

@: drained
A: clarity, mutation resistance 1
a: Renounce Religion, Heroism


You were on level 6 of the Dungeon.
You worshipped Okawaru.
Okawaru was aware of your devotion.
You visited 2 branches of the dungeon, and saw 9 of its levels.

You collected 264 gold pieces.

Inventory:

Hand Weapons
 m - a +0 shortbow
 p - a +3 quarterstaff of chaos
 r - a +1 dagger of venom (weapon)
 s - a +3 flail of draining
 y - a +1 hammer of protection
 z - a +2 flail of holy wrath
 A - a +2 short sword of freezing
 B - a +3 whip
Missiles
 d - 11 boomerangs (quivered)
 g - 67 stones
 t - a throwing net
 x - 3 poisoned darts
Armour
 a - a +0 robe
 w - a +0 cloak (worn)
 E - a +1 leather armour of cold resistance (worn)
Magical Staves
 e - a staff of death
Jewellery
 k - an amulet of regeneration (around neck)
 o - a ring of magical power (left hand)
Wands
 l - a wand of iceblast (16)
Scrolls
 f - a scroll of enchant weapon
 h - 4 scrolls of teleportation
 C - a scroll of amnesia
 F - a scroll of blinking {unknown}
Potions
 b - 2 potions of heal wounds
 c - 3 potions of magic
 i - a potion of lignification {unknown}
 j - 2 potions of flight
 n - a potion of might {unknown}
 q - a potion of ambrosia
 u - a potion of attraction {unknown}
 v - 2 potions of curing
 D - 2 potions of haste {unknown}


   Skills:
 + Level 1.1 Fighting
 + Level 3.8 Dodging
 + Level 3.9 Stealth
 + Level 9.7 Spellcasting
 * Level 0.1 Hexes
 + Level 7.0 Necromancy
 + Level 2.7 Transmutations
 * Level 0.4 Air Magic
 + Level 2.4 Poison Magic
 * Level 1.5 Invocations


You had 2 spell levels left.
You knew the following spells:

 Your Spells              Type           Power      Damage    Failure   Level
a - Animate Skeleton      Necr           82%        N/A       1%          1
b - Sting                 Tmut/Pois      88%        1d7       3%          1
c - Poisonous Vapours     Pois/Air       34%        N/A       9%          2
d - Vampiric Draining     Necr           41%        2d8       1%          3
e - Animate Dead          Necr           41%        N/A       6%          4
f - Agony                 Necr           41%        N/A       16%         5
g - Pain                  Necr           100%       1d9       1%          1
h - Inner Flame           Hex/Fire       10%        N/A       30%         3
i - Olgreb's Toxic Radia  Pois           21%        N/A       36%         4

Your spell library contained the following spells:

 Spells                   Type           Power      Damage    Failure   Level
 Flame Wave               Conj/Fire      10%        2d6       71%         4
 Sticky Flame             Conj/Fire      10%        2d3       71%         4
 Freezing Cloud           Conj/Ice/Air   5%         6-21      95%         5
 Polar Vortex             Ice            5%         N/A       100%        9
 Simulacrum               Ice/Necr       Unusable   N/A       N/A         6

Dungeon Overview and Level Annotations

Branches:
Dungeon (8/15)             Temple (1/1) D:4
   Lair: D:8-11

Altars:
Ashenzari
Cheibriados
Elyvilon
Fedhas
Gozag
Hepliaklqana
Kikubaaqudgha
Makhleb
Nemelex Xobeh
Okawaru
Qazlal
Ru
Sif Muna
Trog
Uskayaw
Vehumet
Xom
Yredelemnul
Zin
The Shining One

Shops:
D:2 :   D:7 :

Annotations:
D:6 Dowan, Duvessa, Grinder


Innate Abilities, Weirdness & Mutations

You possess an exceptional clarity of mind.
You are somewhat resistant to further mutation.


Message History

There is a stone staircase leading up, spattered with blood here.
HP restored.
The wight hits you with a +0 battleaxe!
You feel drained. The orc barely misses you.
You climb upwards.
Level annotation: Dowan, Duvessa, Grinder Grinder gestures at you.
You suddenly lose the ability to move!
The wight hits you with a +0 battleaxe. Grinder gestures at you.
You resist with some effort. The orc hits you but does no damage.
You can move again.
There is a stone staircase leading down here.
The wight misses you. Grinder gestures at you. Pain shoots through your body!
The orc throws a boomerang.
The boomerang hits you. Grinder hits you!
* * * LOW HITPOINT WARNING * * *
You writhe in agony.
* * * LOW HITPOINT WARNING * * *
The wight attacks as you move away! The wight closely misses you.
The wight attacks as you move away! The wight closely misses you.
The wight attacks as you move away! The wight barely misses you.
There is a stone staircase leading up here.
The wight attacks as you move away! The wight misses you.
The orc throws a boomerang.
The boomerang closely misses you.
The orc throws a boomerang.
The boomerang barely misses you.
Grinder blinks!
The wight attacks as you move away! The wight closely misses you.
You open the door. The wight hits you with a +0 battleaxe.
* * * LOW HITPOINT WARNING * * *
You feel drained.
Duvessa says, "Where magic fails, the sword succeeds!"
Duvessa misses you. Dowan gestures at you while chanting.
The puff of flame hits you!
* * * LOW HITPOINT WARNING * * *
There is an open door here.
The wight attacks as you move away! The wight hits you with a +0 battleaxe.
You die...

#...e #[.........# #. ...
#..........# #.
$..###'#######..........#######.
.......e..........e.........>##.
..............................#.
.........####...........####..#.
....$....# #.................#.
.........# #.ze...........#..#)
.........####.#@###+#......#..#)
...#.....#....#.# #.#.#..###....
.....#####o####.# #........+....
..#####......#####.#.####.... ..
..............####.....##.e..
#..
.......<......#.....##+##....
..#
#!.......[...............5...
..#
#..............####..........
..#
#...............#.#..........


You could see Duvessa, Dowan and a wight.

Vanquished Creatures
  Edmund (D:4)
  2 water moccasins (D:6)
  2 ogres
  A centaur (D:5)
  A phantom (D:5)
  A kobold brigand (D:6)
  An orc priest (D:3)
  Crazy Yiuf (D:5)
  7 hounds
  An iguana (D:7)
  A sleepcap (D:7)
  Ijyb (D:5)
  An orc wizard (D:3)
  4 gnolls (D:4)
  5 adders
  3 worms (D:3)
  5 dart slugs
  11 orcs
  6 bats
  8 endoplasms
  2 giant cockroaches
  2 goblins
  5 hobgoblins
  7 jackals (D:2)
  9 quokkas
  5 ball pythons
  7 frilled lizards
  7 kobolds
  4 rats
  A bush (D:1)
112 creatures vanquished.

Vanquished Creatures (others)
  A plant (D:1)
1 creature vanquished.

Grand Total: 113 creatures vanquished

Notes
Turn   | Place    | Note
-------+----------+-------------------------------------------
     0 | D:1      | bobarctor the Deep Elf Necromancer began the quest for the
                  | Orb.
     0 | D:1      | Reached XP level 1. HP: 10/10 MP: 6/6
   211 | D:1      | Reached skill level 5 in Necromancy
   400 | D:1      | Reached XP level 2. HP: 10/15 MP: 3/8
   646 | D:1      | Learned a level 1 spell: Sting
   649 | D:1      | Learned a level 2 spell: Poisonous Vapours
   882 | D:1      | Found a faded altar of an unknown god.
   920 | D:1      | Upgraded the game from 0.28-a0-239-g68911e0c57 to
                  | 0.28-a0-312-gbced6e68ee
  1009 | D:1      | Reached skill level 4 in Spellcasting
  1142 | D:1      | Reached XP level 3. HP: 4/19 MP: 7/10
  2322 | D:2      | Learned a level 3 spell: Vampiric Draining
  2921 | D:2      | Found Jukha's Book Emporium.
  3177 | D:2      | Upgraded the game from 0.28-a0-312-gbced6e68ee to
                  | 0.28-a0-906-g0406aca7d3
  3605 | D:3      | Reached XP level 4. HP: 22/24 MP: 1/12
  3790 | D:3      | Reached skill level 5 in Spellcasting
  3890 | D:3      | Reached XP level 5. HP: 23/28 MP: 3/14
  4254 | D:3      | Reached skill level 6 in Spellcasting
  4312 | D:3      | Found a snail-covered altar of Cheibriados.
  4326 | D:3      | Upgraded the game from 0.28-a0-906-g0406aca7d3 to
                  | 0.30-a0-867-g305f33218d
  4331 | D:3      | Learned a level 4 spell: Animate Dead
  4345 | D:3      | Found a hide-covered altar of Uskayaw.
  4414 | D:3      | Learned a level 5 spell: Agony
  4827 | D:4      | Noticed Edmund
  4994 | D:4      | Noticed an ogre
  5645 | D:4      | Found a staircase to the Ecumenical Temple.
  5671 | Temple   | Entered the Ecumenical Temple
  5986 | Temple   | Became a worshipper of Warmaster Okawaru
  6226 | D:4      | Killed an ogre
  6227 | D:4      | Reached skill level 7 in Spellcasting
  6227 | D:4      | Reached skill level 1 in Poison Magic
  6227 | D:4      | Reached XP level 6. HP: 27/32 MP: 17/18
  6319 | D:4      | Gained mutation: You are weak. (Str -2) [potion of
                  | mutation]
  6319 | D:4      | Gained mutation: Your magical capacity is low. (-10% MP)
                  | [potion of mutation]
  6319 | D:4      | Gained mutation: You have a somewhat thin skeletal
                  | structure. (Dex +2, Stealth+) [potion of mutation]
  6320 | D:4      | Lost mutation: You are weak. (Str -2) [potion of mutation]
  6320 | D:4      | Lost mutation: Your magical capacity is low. (-10% MP)
                  | [potion of mutation]
  6320 | D:4      | Gained mutation: You are weak. (Str -2) [potion of
                  | mutation]
  6320 | D:4      | Gained mutation: You are somewhat resistant to further
                  | mutation. [potion of mutation]
  6320 | D:4      | Gained mutation: You possess an exceptional clarity of
                  | mind. [potion of mutation]
  6347 | D:4      | Learned a level 1 spell: Animate Skeleton
  6349 | D:4      | Learned a level 1 spell: Pain
  6474 | D:4      | Reached skill level 1 in Transmutations
  6702 | D:5      | Entered Level 5 of the Dungeon
  6730 | D:5      | Noticed Ijyb
  6742 | D:5      | Killed Ijyb
  7013 | D:5      | Found a runed translucent door.
  7014 | D:5      | Noticed Crazy Yiuf
  7122 | D:5      | Killed Crazy Yiuf
  7122 | D:5      | Reached * piety under Okawaru
  7123 | D:5      | Reached XP level 7. HP: 13/36 MP: 20/20
  7149 | D:5      | Lost mutation: You are weak. (Str -2) [potion of mutation]
  7149 | D:5      | Lost mutation: You have a somewhat thin skeletal structure.
                  | (Dex +2, Stealth+) [potion of mutation]
  7217 | D:5      | Reached skill level 8 in Spellcasting
  7546 | D:4      | Killed Edmund
  7645 | D:6      | Noticed Grinder
  7699 | D:6      | Reached skill level 9 in Spellcasting
  7739 | D:6      | Learned a level 3 spell: Inner Flame
  7744 | D:6      | Learned a level 4 spell: Olgreb's Toxic Radiance
  8077 | D:6      | Reached skill level 1 in Fighting
  8077 | D:6      | Reached skill level 1 in Invocations
  8077 | D:6      | Reached XP level 8. HP: 38/43 MP: 23/23
  8228 | D:6      | Noticed Dowan
  8234 | D:6      | Noticed Duvessa
  8251 | D:7      | Found Zucwuth's Book Emporium.
  8675 | D:6      | Paralysed by Grinder for 2 turns
  8693 | D:6      | HP: 2/40 [Dowan/puff of flame (11)]
  8694 | D:6      | Slain by a wight

Illustrated notes

Levels and vault maps discovered:
D:1:      roderic_crossed_star, layout_rooms, serial_forest,
          infiniplex_forest_straight_2, infiniplex_forest_end_1,
          infiniplex_forest_corner_2, infiniplex_forest_clump_curved,
          infiniplex_forest_straight_3, infiniplex_forest_straight_4,
          infiniplex_forest_straight_2, ebering_ecumenical_altar_ruins
D:2:      layout_rooms, serial_shops, shop
D:3:      layout_basic, mainiacjoe_overflow_catwalk, lemuel_crystal_altar
D:4:      layout_loops_ring, minmay_temple_entry_ruins, uniq_edmund
D:5:      layout_basic, serial_corexii_hall, corexii_hall_statues_l,
          chequers_hall_statues_y, uniq_ijyb, uniq_crazy_yiuf_cottage
D:6:      layout_basic, uniq_menkaure, uniq_grinder, uniq_duvessa
D:7:      cheibrodos_iron_armory, layout_basic, serial_shops, shop,
          chequers_serial_rivers_micro_c, hex_tiny, nrook_campfire
D:8:      minmay_blocky_corners, layout_gridville,
          nicolae_shop_overcharged_wands
Temple:   dpeg_five_rooms_temple

Skill      XL: |  1  2  3  4  5  6  7  8 |
---------------+-------------------------+-----
Necromancy     | 5 6 7 |  7.0
Spellcasting   | 4 5 7 9 |  9.7
Poison Magic   | 1 2 |  2.4
Transmutations | 1 2 |  2.7
Stealth        | 3 |  3.9
Dodging        | 3 |  3.8
Fighting       | 1 |  1.1
Invocations    | 1 |  1.5
Hexes          | |  0.1
Air Magic      | |  0.4

Action                     |  1- 3 |  4- 6 |  7- 9 || total
---------------------------+-------+-------+-------++-------
  Melee: Staff             |   528 |       |       ||   528
         Dagger            |       |    56 |    92 ||   148
         Punch             |       |     1 |     2 ||     3
         Quarterstaff      |       |       |     5 ||     5
         Flail             |       |       |     7 ||     7
  Throw: Boomerang         |       |     6 |     3 ||     9
   Cast: Pain              |    80 |    29 |       ||   109
         Poisonous Vapours |    10 |    17 |       ||    27
         Sting             |     3 |    27 |     5 ||    35
         Vampiric Draining |     2 |     2 |     8 ||    12
         Animate Dead      |       |     3 |       ||     3
         Agony             |       |     1 |     2 ||     3
         Inner Flame       |       |       |     1 ||     1
  Evoke: Wand              |       |     3 |     6 ||     9
    Use: Scroll            |       |    11 |     3 ||    14
         Potion            |       |     2 |     1 ||     3
   Stab: Sleeping          |       |     1 |     3 ||     4
 Armour: Robe              |     1 |     5 |    17 ||    23
         Leather armour    |       |       |     2 ||     2
  Dodge: Dodged            |    13 |    40 |    82 ||   135

Table legend: (Time is in decaauts)
 A = Elapsed time spent in this place.
 B = Non-inter-level travel time spent in this place.
 C = Inter-level travel time spent in this place.
 D = Time resting spent in this place.
 E = Time spent auto-exploring this place.
 F = Levels seen in this place.
 G = Mean time per level.
                   A        B        C        D        E       F      G
               +--------+--------+--------+--------+--------+-----+--------+
         Total |   8806 |   8382 |    424 |   3001 |   3313 |   9 |  978.4 |
       Dungeon |   8434 |   8116 |    318 |   3001 |   3070 |   8 | 1054.2 |
        Temple |    371 |    265 |    106 |      0 |    243 |   1 |  371.0 |
               +--------+--------+--------+--------+--------+-----+--------+

Top non-repeatable levels by time:
     D:1: 2342 daAuts
     D:3: 1814 daAuts
     D:4: 1412 daAuts
     D:2: 998 daAuts
     D:5: 918 daAuts
     D:6: 553 daAuts
  Temple: 371 daAuts
     D:7: 330 daAuts
     D:8: 64 daAuts
